 Dungeon Crawl Stone Soup version 0.17-a0-1646-geb1493d (webtiles) character file.

139 thrall606 the Skirmisher (level 5, -3/41 HPs)
             Began as a Demonspawn Fighter on Aug 10, 2015.
             Killed from afar by an orc wizard (8 damage)
             ... with a puff of flame
             ... on level 4 of the Dungeon on Aug 11, 2015.
             The game lasted 00:08:07 (2992 turns).

thrall606 the Skirmisher (Demonspawn Fighter)       Turns: 2992, Time: 00:08:08

Health: -3/41      AC: 11    Str: 16    XL:     5   Next: 1%
Magic:  14/14      EV:  7    Int: 10    God:
Gold:   79         SH: 11    Dex: 13    Spells: 0 memorised, 4 levels left

rFire  . . .     SeeInvis .     a - +1 long sword
rCold  + . .     Rnd*Rage +     b - +0 scale mail
rNeg   . . .     SustAt   .     c - +0 shield
rPois  .         Gourm    .     g - +0 helmet
rElec  .         Spirit   .     f - +0 cloak
rCorr  .         Warding  .     (no gloves)
rMut   .         Stasis   .     (no boots)
MR     .....                    (no amulet)
Stlth  ++........               (no ring)
                                l - ring of magical power

@: very slightly contaminated, not resistant to hostile enchantments, unstealthy
A: talons 1, large bone plates 1, berserk 1, cold resistance 1, nightstalker 2,
sense surroundings 1
a: no special abilities


You were on level 4 of the Dungeon.
You were not hungry.

You visited 1 branch of the dungeon, and saw 4 of its levels.

You collected 79 gold pieces.

Inventory:

Hand weapons
 a - a +1 long sword (weapon)
Armour
 b - a +0 scale mail (worn)
 c - a +0 shield (worn)
 f - a +0 cloak (worn)
 g - a +0 helmet (worn)
Jewellery
 l - a ring of magical power (left hand)
Scrolls
 d - a scroll of recharging
 h - a scroll of random uselessness {unknown}
Comestibles
 i - 2 meat rations
 j - 2 chunks of flesh
 n - 2 bread rations


   Skills:
 + Level 3.6 Fighting
 + Level 2.2 Long Blades
 + Level 3.4 Armour
 + Level 1.3 Dodging
 + Level 1.0 Stealth
 + Level 3.4 Shields


You had 4 spell levels left.
You didn't know any spells.

Dungeon Overview and Level Annotations

Branches:
Dungeon (4/15)
 Temple: D:4-7

Altars:

Annotations:
D:3 Rayvis's ghost, average MiFi


Innate Abilities, Weirdness & Mutations

You have sharp toenails.
You are partially covered in large bone plates (AC +2, SH +2).
You are significantly more attuned to the shadows.
You tend to lose your temper in combat.
Your flesh is cold resistant.
You passively map a small area around you.


Message History

You kill the orc!
You block the worker ant's attack.
The orc wizard hits you but does no damage.
The orc hits you with a falchion.
* * * LOW HITPOINT WARNING * * *
The worker ant barely misses you.
Read which item? (? for menu, Esc to quit)
Blink to where?
Press: ? - help, Dir - move target cursor You are very lightly contaminated with residual magic.
As you read the scroll of blinking, it crumbles to dust.
You feel sick.
You feel sick.
Sorry, you're not good enough to have a special ability.
You feel sick.
You are no longer poisoned.
Found a whip and 19 sling bullets.
The orc wizard gestures at you while chanting.
The puff of flame hits you!
You die...

* ... * ,, * ###.#
* ,,...# ,* * *
####.###,* , ,
#a.o.oo# *
######.##.#.# *
*.......##.#o#,###
*
.####..##...#%...,
# ......o####@....)
,* *#..##..a..#
#.#....
#..##.#.......##..(
, ......#.#.#####
... *#.......#.# *
..,* * #.....a.#.#
, * #......ยง#
..##..#)# * , ,,o.
#....# , ,


You could see an orc wizard and 3 orcs.

Vanquished Creatures
  An adder (D:2)
  8 gnolls
  A giant gecko (D:2)
  2 orcs
  4 bats
  3 giant cockroaches (D:2)
  7 goblins
  8 hobgoblins
  3 kobolds
  2 quokkas
  A giant newt (D:2)
  5 jackals (D:2)
  3 rats
  A plant (D:1)
49 creatures vanquished.

Notes
Turn   | Place    | Note
--------------------------------------------------------------
     0 | D:1      | thrall606 the Demonspawn Fighter began the quest for the Orb.
     0 | D:1      | Reached XP level 1. HP: 18/18 MP: 1/1
   695 | D:1      | Gained mutation: You are slightly more attuned to the shadows. [demonic ancestry]
   695 | D:1      | Reached XP level 2. HP: 24/24 MP: 2/2
  1217 | D:2      | Gained mutation: You tend to lose your temper in combat. [potion of mutation]
  1217 | D:2      | Gained mutation: You passively map a small area around you. [potion of mutation]
  1217 | D:2      | Gained mutation: Your flesh is cold resistant. [potion of mutation]
  1708 | D:2      | Gained mutation: You are significantly more attuned to the shadows. [demonic ancestry]
  1708 | D:2      | Reached XP level 3. HP: 15/29 MP: 3/3
  2405 | D:2      | Gained mutation: You are partially covered in large bone plates (AC +2, SH +2). [demonic ancestry]
  2405 | D:2      | Reached XP level 4. HP: 26/35 MP: 4/4
  2658 | D:3      | Reached skill level 1 in Stealth
  2663 | D:3      | Reached skill level 1 in Dodging
  2917 | D:3      | Gained mutation: You have sharp toenails. [demonic ancestry]
  2917 | D:3      | Reached XP level 5. HP: 38/41 MP: 5/5
  2938 | D:3      | Noticed Rayvis's ghost (average MiFi)
  2960 | D:2      | You fall through a shaft for 2 floors!
  2992 | D:4      | Killed from afar by an orc wizard

Vault maps used:
D:1:      dpeg_arrival_chambers_temple_mockup, serial_forest,
          infiniplex_forest_end_double, infiniplex_forest_lined_3_way,
          infiniplex_forest_straight_1, infiniplex_forest_clump_double,
          infiniplex_forest_end_3, infiniplex_forest_end_3
D:2:      first_bread
D:3:      st_stairs_12, grunt_ministairs_15, kennysheep_flooded_box, hex_tiny
D:4:      uniq_pikel, uniq_menkaure

Action                   |  1- 3 |  4- 6 || total
-------------------------+-------+-------++-------
Melee: Long sword        |   162 |    48 ||   210
  Use: Potion            |     7 |       ||     7
       Scroll            |     6 |     1 ||     7
 Stab: Distracted        |     1 |       ||     1
       Sleeping          |     1 |       ||     1
  Eat: Bread ration      |     1 |       ||     1
       Chunk             |     1 |     2 ||     3
